 Dungeon Crawl Stone Soup version 0.21.1-1-g345015fe64 (webtiles) character file.

385 Oravi the Insei (level 6, -5/43 HPs)
             Began as a Merfolk Transmuter on Apr 28, 2018.
             Shot with an arrow by a centaur (9 damage)
             ... on level 5 of the Dungeon.
             The game lasted 00:19:50 (4959 turns).

Oravi the Insei (Merfolk Transmuter)                Turns: 4959, Time: 00:19:50

Health: -5/43      AC:  3    Str: 10    XL:     6   Next: 77%
Magic:  7/9        EV: 13    Int: 14    God:
Gold:   146        SH:  0    Dex: 18    Spells: 3/9 levels left

rFire    . . .     SeeInvis .   n - staff of wizardry
rCold    . . .     Gourm    .   (no shield)
rNeg     . . .     Faith    .   b - +0 robe
rPois    +         Spirit   .   r - +0 helmet
rElec    .         Reflect  .   (no cloak)
rCorr    .         Harm     .   (no gloves)
MR       .....                  (no boots)
Stlth    ++........             (no amulet)
HPRegen  0.14/turn              t - +3 ring of dexterity
MPRegen  0.11/turn              l - ring of poison resistance

@: no status effects
A: change form in water, swift swim, stealthy swim
a: no special abilities


You were on level 5 of the Dungeon.
You were hungry.

You visited 1 branch of the dungeon, and saw 5 of its levels.

You collected 146 gold pieces.

Inventory:

Missiles
 a - 99 arrows
 m - 8 javelins
 o - 74 stones (quivered)
 w - 5 tomahawks
Armour
 b - a +0 robe (worn)
 r - a +0 helmet (worn)
Magical Staves
 n - an uncursed staff of wizardry (weapon)
Jewellery
 i - an uncursed ring of magical power
 j - an uncursed ring of flight
 l - a ring of poison resistance (right hand)
 t - a +3 ring of dexterity (left hand)
 v - an uncursed ring of magical power
Wands
 e - a wand of disintegration (6)
Scrolls
 f - 2 scrolls of enchant weapon
 g - 5 scrolls of remove curse
 u - a scroll of magic mapping
 y - 2 scrolls of teleportation {unknown}
Potions
 h - a potion of brilliance
 k - a potion of mutation {unknown}
 p - 2 potions of flight {unknown}
 q - 4 potions of curing {unknown}
 s - a potion of might {unknown}
 x - a potion of lignification {unknown}
 z - a potion of heal wounds {unknown}
 A - a potion of haste {unknown}
Books
 c - a book of Changes

   Spells                             Type                      Level
   a - Beastly Appendage              Transmutation                1
   b - Sticks to Snakes               Transmutation                2
   c - Spider Form                    Transmutation/Poison         3
   d - Ice Form                       Ice/Transmutation            4
   e - Blade Hands                    Transmutation                5
Comestibles
 d - 7 rations


   Skills:
 - Level 1.1 Fighting
 * Level 2.6 Dodging
 + Level 6.4 Unarmed Combat
 - Level 2.0 Spellcasting
 - Level 5.0 Transmutations
 - Level 3.0 Poison Magic


You had 3 spell levels left.
You knew the following spells:

 Your Spells              Type           Power        Failure   Level  Hunger
a - Spider Form           Tmut/Pois      ##........   6%          3    ####...
b - Sticks to Snakes      Tmut           ###.....     1%          2    ###....
c - Beastly Appendage     Tmut           ###...       1%          1    ##.....


Dungeon Overview and Level Annotations

Branches:
Dungeon (5/15)
 Temple: D:4-7

Altars:
Ashenzari
Sif Muna
Zin

Shops:
D:4 :

Annotations:
D:2 Sigmund
D:4 Oravi's ghost, amateur MfTm


Message History

A centaur comes into view.
The centaur shouts!
The centaur wields a runed shortbow.
It is covered in frost.
The centaur shoots an arrow.
The arrow hits you! The arrow freezes you.
You see here an arrow.
The centaur shoots an arrow.
The arrow hits you! The arrow freezes you.
The centaur shoots an arrow.
The arrow hits you!
* * * LOW HITPOINT WARNING * * *
The arrow freezes you.
* * * LOW HITPOINT WARNING * * *
You see here an arrow.
You are too injured to fight recklessly!
You are too injured to fight recklessly!
The centaur shoots an arrow.
The arrow misses you.
You see here an arrow.
Your transformation has ended.
Your uncursed staff of wizardry unmelds from your body.
Your +0 helmet unmelds from your body.
Your +0 robe unmelds from your body.
The centaur shoots an arrow.
The arrow hits you!
You die...

#..# .. #..# ..
)# #..#
.....### #.># .
#.#...# #..#
..#...#.# #).#
.....#.#####..#
#.#....(......#
#......(..@<..#
##...#c########
... #.# # #.#
.c# ###


You could see a centaur.

Vanquished Creatures
  An orc priest (D:3)
  A hound (D:4)
  Ijyb (D:3)
  3 orc wizards (D:4)
  A worker ant (D:4)
  Robin (D:2)
  5 adders
  An ooze (D:2)
  2 adder skeletons (D:4)
  2 worms
  3 dart slugs
  2 leopard geckos
  12 orcs
  11 bats
  7 giant cockroaches
  18 goblins
  13 hobgoblins
  3 jackals (D:1)
  9 kobolds
  A quokka (D:2)
  5 frilled lizards
  A jackal skeleton (D:4)
  8 rats
111 creatures vanquished.

Notes
Turn   | Place    | Note
-------+----------+-------------------------------------------
     0 | D:1      | Oravi the Merfolk Transmuter began the quest for the Orb.
     0 | D:1      | Reached XP level 1. HP: 15/15 MP: 3/3
    29 | D:1      | Found a shattered altar of Ashenzari.
   112 | D:1      | Reached XP level 2. HP: 13/21 MP: 3/5
   113 | D:1      | Reached skill level 4 in Unarmed Combat
  1179 | D:1      | Reached XP level 3. HP: 26/26 MP: 6/6
  1183 | D:1      | Learned a level 2 spell: Sticks to Snakes
  1187 | D:1      | Learned a level 3 spell: Spider Form
  1427 | D:2      | Reached skill level 5 in Unarmed Combat
  1675 | D:2      | Noticed Robin
  1679 | D:2      | Killed Robin
  1679 | D:2      | Reached XP level 4. HP: 30/32 MP: 7/7
  1807 | D:2      | Noticed Sigmund
  2392 | D:2      | Found a deep blue altar of Sif Muna.
  2568 | D:2      | Reached skill level 1 in Poison Magic
  2744 | D:3      | Noticed Ijyb
  2952 | D:3      | Reached XP level 5. HP: 29/37 MP: 8/8
  3070 | D:3      | Killed Ijyb
  3938 | D:4      | Noticed Oravi's ghost (amateur MfTm)
  4004 | D:4      | Reached skill level 6 in Unarmed Combat
  4004 | D:4      | Reached XP level 6. HP: 30/43 MP: 9/9
  4544 | D:4      | Found Jujont's Book Shoppe.
  4754 | D:4      | Found a glowing silver altar of Zin.
  4921 | D:4      | Reached skill level 5 in Transmutations
  4941 | D:5      | Entered Level 5 of the Dungeon
  4959 | D:5      | Shot with an arrow by a centaur

Skill      XL: |  1  2  3  4  5  6 |
---------------+-------------------+-----
Unarmed Combat | 4 5 6 |  6.4
Transmutations | 3 4 5 |  5.0
Poison Magic   | 1 2 3 |  3.0
Fighting       | |  1.1
Dodging        | |  2.6
Spellcasting   | |  2.0

Action                   |  1- 3 |  4- 6 || total
-------------------------+-------+-------++-------
Melee: Unarmed           |    95 |   175 ||   270
       Headbutt          |     9 |     1 ||    10
       Staff             |       |     4 ||     4
Throw: Stone             |       |     6 ||     6
 Cast: Beastly Appendage |    14 |     2 ||    16
       Spider Form       |    11 |    32 ||    43
       Sticks to Snakes  |       |     2 ||     2
  Use: Scroll            |       |     5 ||     5
       Potion            |       |     3 ||     3
 Stab: Sleeping          |     2 |     1 ||     3
       Distracted        |       |     1 ||     1
       Invisible         |       |     1 ||     1
  Eat: Chunk             |     5 |    11 ||    16
       Ration            |       |     1 ||     1
Armor: Robe              |    12 |     2 ||    14
       Skin              |     4 |    10 ||    14
Dodge: Dodged            |    69 |   146 ||   215
